 Dungeon Crawl Stone Soup version 0.28.0 (webtiles) character file.

Game seed: 17544955165118708587

169 Selrock the Sneak (level 5, -2/41 HPs)
             Began as a Demonspawn Brigand on Feb 11, 2022.
             Slain by a gnoll sergeant (12 damage)
             ... on level 3 of the Dungeon.
             The game lasted 00:08:39 (3315 turns).

Selrock the Sneak (Demonspawn Brigand)              Turns: 3315, Time: 00:08:39

Health: -2/41      AC:  4    Str: 13    XL:     5   Next: 25%
Magic:  16/16      EV: 12    Int: 17    God:
Gold:   146        SH:  0    Dex: 14    Spells: 7/7 levels left

rFire   . . .      SeeInvis .   n - +1 dagger (speed)
rCold   . . .      Faith    .   (no shield)
rNeg    . . .      Spirit   .   b - +0 robe
rPois   .          Reflect  .   (no helmet)
rElec   .          Harm     .   c - +0 cloak
rCorr   .          Rampage  .   (no gloves)
Will    .....                   p - +0 pair of boots
Stlth   ++........              (no amulet)
HPRegen 0.13/turn               h - ring of magical power
MPRegen 0.15/turn               (no ring)

@: no status effects
A: big brain 2, demonic magic 1
a: no special abilities


You were on level 3 of the Dungeon.
You visited 1 branch of the dungeon, and saw 3 of its levels.

You collected 146 gold pieces.

Inventory:

Hand Weapons
 a - a +2 dagger
 n - a +1 dagger of speed (weapon)
Missiles
 d - 11 poisoned darts (quivered)
 e - 2 curare-tipped darts
 f - a throwing net
Armour
 b - a +0 robe (worn)
 c - a +0 cloak (worn)
 p - a +0 pair of boots (worn)
Jewellery
 g - a ring of flight
 h - a ring of magical power (left hand)
Wands
 q - a wand of iceblast (14)
Scrolls
 k - a scroll of vulnerability
 l - a scroll of immolation {unknown}
Potions
 i - a potion of brilliance {unknown}
 j - a potion of ambrosia
 m - a potion of invisibility {unknown}
 o - 2 potions of lignification


   Skills:
 + Level 3.1 Fighting
 + Level 2.8 Short Blades
 + Level 2.8 Throwing
 - Level 1.4 Dodging
 - Level 3.8 Stealth
 + Level 1.5 Spellcasting


You had 7 spell levels left.
You didn't know any spells.
Your spell library contained the following spells:

 Spells                   Type           Power      Damage    Failure   Level
 Foxfire                  Conj/Fire      4%         2x1d4     21%         1
 Sting                    Tmut/Pois      4%         1d3       21%         1
 Poisonous Vapours        Pois/Air       2%         N/A       30%         2
 Conjure Flame            Conj/Fire      1%         6-21      52%         3
 Inner Flame              Hex/Fire       1%         N/A       52%         3
 Flame Wave               Conj/Fire      1%         2d4       90%         4
 Olgreb's Toxic Radiance  Pois           1%         N/A       90%         4


Dungeon Overview and Level Annotations

Branches:
Dungeon (3/15)

Altars:

Shops:
D:3 =


Innate Abilities, Weirdness & Mutations

You have an extremely huge brain. (Int +4)
Spells you cast may paralyse adjacent enemies.


Message History

You impale the jackal!!
You kill the jackal!
The helpless jackal fails to defend itself.
You impale the jackal!!
You kill the jackal!
HP restored.
d - 20 poisoned darts (gained 1)
d - 21 poisoned darts (gained 1)
There is an entrance to Wierar's Jewellery Shoppe here.
Found a stone staircase leading up.
A giant cockroach comes into view.
The giant cockroach bites you but does no damage.
You hit the giant cockroach.
The giant cockroach is heavily wounded.
The giant cockroach bites you but does no damage.
You hit the giant cockroach but do no damage.
The giant cockroach is heavily wounded.
The giant cockroach closely misses you.
You hit the giant cockroach.
The giant cockroach is almost dead.
The giant cockroach bites you but does no damage.
You hit the giant cockroach.
You kill the giant cockroach!
Found a scroll labelled UNIBLA RIYNG.
A ball python comes into view.
Found a mace.
The helpless ball python fails to defend itself.
You impale the ball python!!
You kill the ball python!
n - 3 scrolls labelled UNIBLA RIYNG (gained 1)
A ball python comes into view.
As you read the scroll labelled UNIBLA RIYNG, it crumbles to dust.
It is a scroll of identify.
j - a potion of ambrosia
As you read the scroll of identify, it crumbles to dust.
k - a scroll of vulnerability
As you read the scroll of identify, it crumbles to dust.
o - 2 potions of lignification
Found 18 gold pieces.
Found a stone staircase leading down.
Found a twisted glowing staff.
Jessica the Apprentice Sorceress comes into view.
She is wielding a +1 dagger of speed.
You see here 18 gold pieces.
Throw: 21 darts (poison)
Press: ? - help, Q - select action, (/) - cycle Shift-Dir - straight line, f - Jessica
Aim: Jessica, wielding a +1 dagger of speed and wearing a +0 robe (asleep, 98% to hit)
You throw a poisoned dart. The poisoned dart hits Jessica.
Jessica is poisoned.
Jessica shouts!
Jessica mumbles some strange words.
Jessica blinks!
Throw: 20 darts (poison)
Press: ? - help, Q - select action, (/) - cycle Shift-Dir - straight line, f/p - Jessica
Aim: Jessica, wielding a +1 dagger of speed and wearing a +0 robe (lightly wounded, poisoned, 60% to hit)
You throw a poisoned dart. The poisoned dart hits Jessica.
Jessica looks even sicker.
Jessica is lightly wounded.
A worm comes into view.
Throw: 19 darts (poison)
Press: ? - help, Q - select action, (/) - cycle Shift-Dir - straight line, f/p - Jessica
Aim: Jessica, wielding a +1 dagger of speed and wearing a +0 robe (heavily wounded, very poisoned, 60% to hit)
You throw a poisoned dart. The poisoned dart hits Jessica.
Jessica looks even sicker.
Jessica is heavily wounded.
Jessica gestures wildly while chanting.
Jessica blinks!
You feel a bit more experienced.
Your Fighting skill increases to level 3!
You have reached level 5!
Your demonic ancestry asserts itself...
Your brain expands.
You hit the ball python.
The ball python is heavily wounded.
The ball python bites you. The ball python grabs you.
The ball python constricts you.
You hit the ball python.
You kill the ball python!
Throw: 18 darts (poison)
Press: ? - help, Q - select action, (/) - cycle Shift-Dir - straight line, f - worm
Aim: a worm (79% to hit)
You throw a poisoned dart. The poisoned dart hits the worm.
The worm is poisoned.
Throw: 17 darts (poison)
Press: ? - help, Q - select action, (/) - cycle Shift-Dir - straight line, f/p - worm
Aim: a worm (lightly wounded, poisoned, 79% to hit)
You throw a poisoned dart. The poisoned dart hits the worm.
The worm looks even sicker.
The worm is lightly wounded.
You hit the worm.
The worm is moderately wounded.
The worm completely misses you.
You hit the worm.
The worm is severely wounded.
You completely miss the worm.
The worm is severely wounded.
The worm bites you!
You hit the worm.
The worm is almost dead.
You kill the worm!
You now have 146 gold pieces (gained 18).
d - 17 poisoned darts (gained 1)
Things that are here:
a +1 dagger of speed; a +0 robe; the human corpse of Jessica
n - a +1 dagger of speed
Okay, then.
Your hands tingle!
n - a +1 dagger of speed (weapon)
Found a hunting sling.
d - 18 poisoned darts (gained 1)
You see here a staff of air.
d - 19 poisoned darts (gained 1)
d - 20 poisoned darts (gained 1)
Found a plate armour.
Found 18 sling bullets.
A gnoll comes into view. It is wielding a +0 spear.
A gnoll sergeant comes into view. It is wielding a +0 spear.
Throw: 20 darts (poison)
Press: ? - help, Q - select action, (/) - cycle Shift-Dir - straight line, f - gnoll
Aim: a gnoll, wielding a +0 spear (asleep, 98% to hit)
You throw a poisoned dart. The poisoned dart hits the gnoll!
The gnoll is poisoned.
The gnoll shouts!
You hear a shout!
A gnoll comes into view. It is wielding a +0 halberd.
Throw: 19 darts (poison)
Press: ? - help, Q - select action, (/) - cycle Shift-Dir - straight line, f/p - gnoll
Aim: a gnoll, wielding a +0 spear (lightly wounded, very poisoned, 64% to hit)
You throw a poisoned dart.
The poisoned dart barely misses the gnoll sergeant.
The poisoned dart hits the gnoll.
The gnoll looks even sicker.
The gnoll is lightly wounded.
The gnoll shouts!
A gnoll comes into view. It is wielding a +0 halberd.
Throw: 18 darts (poison)
Press: ? - help, Q - select action, (/) - cycle Shift-Dir - straight line, f/p - gnoll
Aim: a gnoll, wielding a +0 spear (lightly wounded, very poisoned, 64% to hit)
You throw a poisoned dart.
The poisoned dart barely misses the gnoll.
Throw: 17 darts (poison)
Press: ? - help, Q - select action, (/) - cycle Shift-Dir - straight line, f/p - gnoll
Aim: a gnoll, wielding a +0 spear (heavily wounded, very poisoned, 64% to hit)
You throw a poisoned dart.
The poisoned dart hits the gnoll sergeant.
A gnoll comes into view. It is wielding a +0 club.
Throw: 16 darts (poison)
Press: ? - help, Q - select action, (/) - cycle Shift-Dir - straight line, f/p - gnoll
Aim: a gnoll, wielding a +0 spear (heavily wounded, very poisoned, 64% to hit)
You throw a poisoned dart.
The poisoned dart hits the gnoll sergeant.
The gnoll sergeant is poisoned.
The gnoll sergeant hits you with a +0 spear!
The gnoll barely misses you.
You hit the gnoll sergeant but do no damage.
The gnoll sergeant is lightly wounded.
A gnoll comes into view. It is wielding a +0 flail.
The gnoll hits you from afar with a +0 halberd.
The gnoll shouts!
You hit the gnoll sergeant but do no damage.
The gnoll sergeant is lightly wounded.
The gnoll hits you from afar with a +0 spear.
The gnoll sergeant closely misses you.
The gnoll sergeant looks more healthy.
The gnoll sergeant hits you from afar with a +0 spear.
You kill the gnoll!
Throw: 15 darts (poison)
Press: ? - help, Q - select action, (/) - cycle Shift-Dir - straight line, f - gnoll
Aim: a gnoll, wielding a +0 halberd (64% to hit)
You throw a poisoned dart. The poisoned dart hits the gnoll.
The gnoll is poisoned.
The gnoll hits you from afar with a +0 halberd!
The gnoll looks more healthy.
The gnoll closely misses you.
Throw: 14 darts (poison)
Press: ? - help, Q - select action, (/) - cycle Shift-Dir - straight line, f/p - gnoll
Aim: a gnoll, wielding a +0 halberd (heavily wounded, 64% to hit)
You throw a poisoned dart.
The poisoned dart hits the gnoll sergeant!
The gnoll sergeant is poisoned.
The gnoll sergeant is moderately wounded.
The gnoll sergeant looks more healthy.
The gnoll sergeant hits you from afar with a +0 spear!
* * * LOW HITPOINT WARNING * * *
You see here a +0 spear.
Throw: 13 darts (poison)
Press: ? - help, Q - select action, (/) - cycle Shift-Dir - straight line, f/p - gnoll
Aim: a gnoll, wielding a +0 halberd (heavily wounded, 64% to hit)
You throw a poisoned dart.
The poisoned dart hits the gnoll sergeant.
The gnoll sergeant is almost dead.
The gnoll sergeant hits you from afar with a +0 spear.
* * * LOW HITPOINT WARNING * * *
Throw: 12 darts (poison)
Press: ? - help, Q - select action, (/) - cycle Shift-Dir - straight line, f/p - gnoll
Aim: a gnoll, wielding a +0 halberd (moderately wounded, 64% to hit)
You throw a poisoned dart.
The poisoned dart hits the gnoll sergeant.
The gnoll sergeant is poisoned.
The gnoll sergeant is severely wounded.
The gnoll sergeant looks more healthy.
There is a stone staircase leading up here.
The gnoll sergeant hits you from afar with a +0 spear!
You die...

##### ....### ########## ..#...#
##...##...## ###
..###.###..........## #..
....................# #..
..##............@...# #..
..#####.............# ##..
....g.g.........g..## ####..#
.#####..##..(...g.#########......
.######..#####.....##.......##...
....####.....#.....g..###........
..#..# #####......##.####........
..##.######.........g...)....#.##
............#..##.......)........


You could see a gnoll sergeant and 2 gnolls.

Vanquished Creatures
  An orc priest (D:2)
  An orc wizard (D:2)
  Jessica (D:3)
  A gnoll (D:3)
  2 worms (D:3)
  2 dart slugs (D:1)
  5 orcs
  4 bats
  2 endoplasms (D:1)
  3 giant cockroaches
  4 goblins
  4 hobgoblins
  3 jackals (D:3)
  6 quokkas
  9 ball pythons
  2 frilled lizards
  7 kobolds
  A rat (D:1)
58 creatures vanquished.

Notes
Turn   | Place    | Note
-------+----------+-------------------------------------------
     0 | D:1      | Selrock the Demonspawn Brigand began the quest for the Orb.
     0 | D:1      | Reached XP level 1. HP: 16/16 MP: 1/1
    16 | D:1      | Reached skill level 1 in Dodging
   294 | D:1      | Gained mutation: Spells you cast may paralyse adjacent
                  | enemies. [demonic ancestry]
   294 | D:1      | Reached XP level 2. HP: 22/22 MP: 2/2
   892 | D:1      | Found a faded altar of an unknown god.
   966 | D:1      | Gained mutation: You have an unusually large brain. (Int
                  | +2) [demonic ancestry]
   966 | D:1      | Reached XP level 3. HP: 24/28 MP: 3/3
  1828 | D:2      | Reached XP level 4. HP: 19/34 MP: 5/5
  1852 | D:2      | Reached skill level 1 in Spellcasting
  2899 | D:3      | Found Wierar's Jewellery Shoppe.
  3052 | D:3      | Noticed Jessica
  3062 | D:3      | Killed Jessica
  3063 | D:3      | Gained mutation: You have an extremely huge brain. (Int +4)
                  | [demonic ancestry]
  3063 | D:3      | Reached XP level 5. HP: 41/41 MP: 7/7
  3315 | D:3      | Slain by a gnoll sergeant

Illustrated notes

Levels and vault maps discovered:
D:1:      minmay_arrival_nine_rooms, layout_loops_ring,
          shapermc_ecumenical_altar_acropolis
D:2:      cheibrodos_pilgrimage, layout_loops_ring
D:3:      layout_rooms, nicolae_qazlal_scattered_showers, serial_shops, shop,
          skrybe_limestone_x, uniq_jessica

Skill      XL: |  1  2  3  4 |
---------------+-------------+-----
Dodging        | 1 |  1.4
Short Blades   | 2 |  2.8
Throwing       | 2 |  2.8
Spellcasting   | 1 |  1.5
Fighting       | 3 |  3.1
Stealth        | |  3.8

Action                   |  1- 3 |  4- 6 || total
-------------------------+-------+-------++-------
Melee: Dagger            |   103 |    59 ||   162
       Punch             |     2 |     2 ||     4
Throw: Dart              |     9 |    31 ||    40
  Use: Scroll            |       |     3 ||     3
 Stab: Sleeping          |     8 |     4 ||    12
Armor: Robe              |    15 |     8 ||    23
Dodge: Dodged            |    62 |    31 ||    93
